[ AOE2 MATCH · #506610742 ]
UnrankedEthiopians vs Koreans
Player's team · WIN
Rival team · LOSS
[ REPLAY ANALYSIS · EXTRACTED FROM THE RECORDED GAME ]
Feudal
8:53
Castle
24:22
Imperial
45:36
| APM avg | 52.6 |
| APM peak | 82 |
| eAPM avg | 26.6 |
| Villagers / military | 180 / 116 |
Focus
⚔️ 35.8% · 🌾 64.2%
Skirmisher ×39 · Shotel Warrior ×28 · Archer ×20 · Bombard Cannon ×7 · Monk ×5 · Battering Ram ×5
Feudal
8:52
Castle
31:47
Imperial
43:14
| APM avg | 45.3 |
| APM peak | 87 |
| eAPM avg | 28.5 |
| Villagers / military | 175 / 42 |
Focus
⚔️ 31.6% · 🌾 68.4%
Archer ×33 · Skirmisher ×6 · Iron Pagoda ×3
Match map
Initial resources + every placement click. Lines = walls · curves = elevation contours. ◆ gold · ⬟ stone · ● berries · ✦ relic · ◌ wall gap
Your base· Open — unwalled flank
CoreLock's base· Open — 4t gap
Smoothed initial terrain · ◌ = detected wall gap · hover for details
Inputs per minute
— Dr Housed - - CoreLock
Build order — Dr Housed
First 150 of 522 actions detected
| 0:00 | Queue | Villager (Male) |
| 0:02 | Build | House |
| 0:03 | Build | House |
| 0:09 | Queue | Villager (Male) |
| 0:23 | Queue | Villager (Male) |
| 0:23 | Queue | Villager (Male) |
| 1:23 | Queue | Villager (Male) |
| 1:47 | Build | Lumber Camp |
| 1:55 | Queue | Villager (Male) |
| 2:22 | Queue | Villager (Male) |
| 2:41 | Queue | Villager (Male) |
| 3:03 | Build | House |
| 3:13 | Queue | Villager (Male) |
| 3:21 | Queue | Villager (Male) |
| 3:44 | Queue | Villager (Male) |
| 4:30 | Queue | Villager (Male) |
| 4:47 | Queue | Villager (Male) |
| 4:47 | Queue | Villager (Male) |
| 5:10 | Build | Barracks |
| 5:39 | Queue | Villager (Male) |
| 5:39 | Research | Loom |
| 6:43 | Research | Feudal Age |
| 7:06 | Build | House |
| 7:09 | Queue | Militia |
| 7:10 | Queue | Militia |
| 7:32 | Queue | Militia |
| 7:33 | Queue | Militia |
| 7:42 | Build | House |
| 7:48 | Build | House |
| 8:05 | Build | Mining Camp |
| 8:36 | Queue | Villager (Male) |
| 8:39 | Build | Palisade Gate |
| 8:53 | Age | Feudal Age |
| 8:56 | Queue | Villager (Male) |
| 9:00 | Build | Archery Range |
| 9:20 | Research | Town Watch |
| 9:21 | Research | Double-Bit Axe |
| 9:24 | Research | Man-at-Arms (upgrade) |
| 9:33 | Queue | Villager (Male) |
| 9:49 | Queue | Archer |
| 9:49 | Queue | Archer |
| 10:00 | Queue | Villager (Male) |
| 10:19 | Build | House |
| 10:22 | Build | Blacksmith |
| 10:24 | Queue | Archer |
| 10:36 | Queue | Villager (Male) |
| 10:50 | Queue | Archer |
| 10:54 | Queue | Villager (Male) |
| 11:08 | Queue | Villager (Male) |
| 11:29 | Queue | Archer |
| 11:39 | Queue | Villager (Male) |
| 12:08 | Queue | Villager (Male) |
| 12:12 | Queue | Villager (Male) |
| 12:46 | Queue | Villager (Male) |
| 12:51 | Build | Mill |
| 13:30 | Queue | Archer |
| 13:44 | Build | Farm |
| 13:44 | Build | Farm |
| 13:45 | Build | Farm |
| 13:45 | Build | Farm |
| 13:45 | Build | Farm |
| 13:45 | Build | Farm |
| 13:46 | Build | Farm |
| 13:55 | Build | Palisade Gate |
| 14:14 | Queue | Archer |
| 14:40 | Build | Outpost |
| 14:43 | Queue | Archer |
| 14:44 | Queue | Villager (Male) |
| 14:52 | Build | House |
| 14:56 | Build | Farm |
| 15:01 | Queue | Archer |
| 15:26 | Build | Farm |
| 15:28 | Build | Farm |
| 15:33 | Queue | Villager (Male) |
| 15:40 | Queue | Archer |
| 15:44 | Build | House |
| 15:55 | Build | Farm |
| 16:07 | Build | Farm |
| 16:08 | Queue | Villager (Male) |
| 16:10 | Build | Farm |
| 16:20 | Queue | Archer |
| 16:27 | Queue | Villager (Male) |
| 16:38 | Build | Farm |
| 16:44 | Queue | Archer |
| 16:55 | Queue | Villager (Male) |
| 17:01 | Queue | Villager (Male) |
| 17:04 | Queue | Archer |
| 17:08 | Queue | Archer |
| 17:14 | Research | Fletching |
| 17:19 | Build | Farm |
| 17:25 | Queue | Villager (Male) |
| 17:45 | Queue | Villager (Male) |
| 17:50 | Build | Farm |
| 17:50 | Build | Farm |
| 17:51 | Build | Farm |
| 17:52 | Build | Farm |
| 17:52 | Queue | Villager (Male) |
| 18:10 | Queue | Villager (Male) |
| 18:18 | Queue | Archer |
| 18:31 | Queue | Villager (Male) |
| 18:41 | Build | Market |
| 18:41 | Queue | Villager (Male) |
| 18:50 | Build | Farm |
| 18:50 | Queue | Villager (Male) |
| 19:03 | Queue | Villager (Male) |
| 19:41 | Queue | Villager (Male) |
| 19:55 | Build | Mill |
| 19:56 | Queue | Villager (Male) |
| 20:06 | Queue | Villager (Male) |
| 20:09 | Build | House |
| 20:10 | Build | House |
| 20:26 | Queue | Villager (Male) |
| 21:07 | Build | Farm |
| 21:42 | Research | Castle Age |
| 21:47 | Build | House |
| 22:31 | Research | Gold Mining |
| 22:39 | Build | House |
| 22:47 | Build | House |
| 22:49 | Build | Palisade Wall |
| 22:59 | Queue | Villager (Male) |
| 23:29 | Research | Padded Archer Armor |
| 23:35 | Build | House |
| 23:36 | Build | Palisade Wall |
| 24:02 | Queue | Villager (Male) |
| 24:22 | Age | Castle Age |
| 24:24 | Research | Bodkin Arrow |
| 24:26 | Research | Crossbowman (upgrade) |
| 24:28 | Queue | Villager (Male) |
| 24:35 | Build | Palisade Wall |
| 24:45 | Build | House |
| 24:54 | Build | Palisade Wall |
| 24:59 | Queue | Villager (Male) |
| 25:07 | Queue | Villager (Male) |
| 25:24 | Queue | Archer |
| 25:32 | Research | Bow Saw |
| 25:34 | Queue | Villager (Male) |
| 25:50 | Build | Town Center |
| 25:56 | Queue | Villager (Male) |
| 26:00 | Queue | Villager (Male) |
| 26:06 | Build | Siege Workshop |
| 26:07 | Queue | Villager (Male) |
| 26:12 | Queue | Villager (Male) |
| 26:22 | Queue | Villager (Male) |
| 26:29 | Build | Lumber Camp |
| 26:37 | Queue | Villager (Male) |
| 26:53 | Queue | Villager (Male) |
| 26:58 | Build | Palisade Wall |
| 27:13 | Queue | Mangonel |
| 27:13 | Queue | Villager (Male) |
| 27:33 | Build | Outpost |
Build order — CoreLock
First 150 of 442 actions detected
| 0:01 | Queue | Villager (Male) |
| 0:02 | Build | House |
| 0:03 | Build | House |
| 0:12 | Queue | Villager (Male) |
| 0:15 | Queue | Villager (Male) |
| 0:16 | Queue | Villager (Male) |
| 1:30 | Queue | Villager (Male) |
| 1:31 | Queue | Villager (Male) |
| 2:02 | Queue | Villager (Male) |
| 2:02 | Queue | Villager (Male) |
| 2:28 | Queue | Villager (Male) |
| 2:28 | Queue | Villager (Male) |
| 2:34 | Build | Lumber Camp |
| 2:49 | Queue | Villager (Male) |
| 2:50 | Queue | Villager (Male) |
| 2:50 | Queue | Villager (Male) |
| 3:26 | Queue | Villager (Male) |
| 3:27 | Queue | Villager (Male) |
| 3:47 | Build | House |
| 4:12 | Queue | Villager (Male) |
| 4:58 | Queue | Villager (Male) |
| 5:04 | Build | Mining Camp |
| 5:22 | Queue | Villager (Male) |
| 5:41 | Queue | Villager (Male) |
| 5:42 | Research | Loom |
| 6:05 | Build | Palisade Wall |
| 6:05 | Build | Palisade Wall |
| 6:19 | Build | House |
| 6:42 | Research | Feudal Age |
| 6:57 | Build | House |
| 8:08 | Queue | Villager (Male) |
| 8:37 | Queue | Villager (Male) |
| 8:42 | Build | House |
| 8:45 | Build | Palisade Wall |
| 8:45 | Build | Palisade Wall |
| 8:50 | Build | Palisade Wall |
| 8:52 | Age | Feudal Age |
| 9:03 | Queue | Villager (Male) |
| 9:06 | Build | House |
| 9:07 | Build | Palisade Wall |
| 9:14 | Research | Double-Bit Axe |
| 9:59 | Build | Watch Tower |
| 10:01 | Queue | Villager (Male) |
| 10:06 | Queue | Villager (Male) |
| 10:09 | Build | House |
| 10:12 | Build | House |
| 10:19 | Build | Palisade Wall |
| 10:26 | Queue | Villager (Male) |
| 10:32 | Build | Watch Tower |
| 10:38 | Build | Palisade Wall |
| 10:39 | Build | Palisade Wall |
| 10:40 | Build | Palisade Wall |
| 10:43 | Queue | Villager (Male) |
| 10:49 | Queue | Villager (Male) |
| 10:54 | Build | Mining Camp |
| 10:57 | Queue | Villager (Male) |
| 11:05 | Build | House |
| 11:32 | Queue | Villager (Male) |
| 11:44 | Queue | Villager (Male) |
| 12:04 | Build | Palisade Wall |
| 12:05 | Build | Palisade Wall |
| 12:16 | Build | Palisade Wall |
| 12:21 | Build | Palisade Wall |
| 12:24 | Build | Palisade Wall |
| 13:15 | Build | Blacksmith |
| 13:33 | Build | House |
| 13:42 | Build | Mill |
| 14:27 | Build | Palisade Wall |
| 14:28 | Build | Palisade Wall |
| 14:34 | Build | Watch Tower |
| 14:52 | Queue | Villager (Male) |
| 14:53 | Queue | Villager (Male) |
| 15:17 | Build | Farm |
| 15:17 | Build | Farm |
| 15:24 | Build | Farm |
| 15:25 | Queue | Villager (Male) |
| 15:30 | Build | Barracks |
| 15:47 | Queue | Villager (Male) |
| 15:58 | Build | Watch Tower |
| 16:00 | Build | Palisade Wall |
| 16:01 | Build | Palisade Wall |
| 16:02 | Build | Palisade Wall |
| 16:04 | Queue | Villager (Male) |
| 16:21 | Queue | Villager (Male) |
| 16:35 | Queue | Villager (Male) |
| 16:52 | Build | Farm |
| 16:59 | Build | House |
| 17:02 | Queue | Villager (Male) |
| 17:18 | Queue | Villager (Male) |
| 17:22 | Build | Watch Tower |
| 17:55 | Build | Watch Tower |
| 17:56 | Queue | Villager (Male) |
| 18:02 | Build | Farm |
| 18:02 | Build | Farm |
| 18:03 | Build | Farm |
| 18:18 | Build | Lumber Camp |
| 18:45 | Build | Farm |
| 18:46 | Queue | Villager (Male) |
| 18:53 | Queue | Villager (Male) |
| 18:57 | Build | Watch Tower |
| 19:40 | Queue | Villager (Male) |
| 19:49 | Build | Watch Tower |
| 20:09 | Build | Watch Tower |
| 20:13 | Build | Farm |
| 20:13 | Build | Farm |
| 20:14 | Build | Farm |
| 20:16 | Queue | Villager (Male) |
| 20:36 | Queue | Villager (Male) |
| 20:46 | Queue | Villager (Male) |
| 20:49 | Build | Farm |
| 20:49 | Build | Farm |
| 20:49 | Build | Farm |
| 21:02 | Build | Watch Tower |
| 21:08 | Queue | Villager (Male) |
| 21:24 | Research | Fletching |
| 21:27 | Build | Farm |
| 21:28 | Build | Farm |
| 21:28 | Build | Farm |
| 21:28 | Build | Farm |
| 21:30 | Queue | Villager (Male) |
| 21:45 | Queue | Villager (Male) |
| 21:58 | Queue | Villager (Male) |
| 22:14 | Queue | Villager (Male) |
| 22:24 | Build | Palisade Wall |
| 22:25 | Build | Palisade Wall |
| 22:26 | Build | Palisade Wall |
| 22:26 | Build | Palisade Wall |
| 22:28 | Queue | Villager (Male) |
| 22:43 | Build | House |
| 22:46 | Queue | Villager (Male) |
| 22:51 | Build | House |
| 22:54 | Build | House |
| 22:57 | Build | Palisade Wall |
| 23:07 | Queue | Villager (Male) |
| 23:27 | Build | Barracks |
| 23:31 | Build | Watch Tower |
| 23:33 | Queue | Villager (Male) |
| 23:36 | Queue | Villager (Male) |
| 23:54 | Build | Archery Range |
| 23:55 | Queue | Villager (Male) |
| 24:20 | Build | Lumber Camp |
| 24:25 | Queue | Villager (Male) |
| 24:34 | Queue | Villager (Male) |
| 24:59 | Queue | Villager (Male) |
| 25:02 | Queue | Skirmisher |
| 25:02 | Queue | Skirmisher |
| 25:07 | Queue | Villager (Male) |
| 25:15 | Build | Mining Camp |
| 25:18 | Queue | Villager (Male) |
| 25:27 | Build | Mill |
Match timeline
| 5:10 | Dr Housed · first_building Barracks |
| 6:05 | CoreLock · wall_segment Palisade Wall x1 |
| 6:05 | CoreLock · wall_segment Palisade Wall x1 |
| 8:45 | CoreLock · wall_segment Palisade Wall x1 |
| 8:45 | CoreLock · wall_segment Palisade Wall x1 |
| 8:50 | CoreLock · wall_segment Palisade Wall x1 |
| 8:52 | CoreLock · age_up feudal |
| 8:53 | Dr Housed · age_up feudal |
| 9:00 | Dr Housed · first_building Archery Range |
| 9:07 | CoreLock · wall_segment Palisade Wall x1 |
| 10:19 | CoreLock · wall_segment Palisade Wall x1 |
| 10:38 | CoreLock · wall_segment Palisade Wall x1 |
| 10:39 | CoreLock · wall_segment Palisade Wall x1 |
| 10:40 | CoreLock · wall_segment Palisade Wall x1 |
| 12:04 | CoreLock · wall_segment Palisade Wall x1 |
| 12:05 | CoreLock · wall_segment Palisade Wall x1 |
| 12:16 | CoreLock · wall_segment Palisade Wall x1 |
| 12:21 | CoreLock · wall_segment Palisade Wall x1 |
| 12:24 | CoreLock · wall_segment Palisade Wall x1 |
| 14:27 | CoreLock · wall_segment Palisade Wall x1 |
| 14:28 | CoreLock · wall_segment Palisade Wall x1 |
| 15:30 | CoreLock · first_building Barracks |
| 16:00 | CoreLock · wall_segment Palisade Wall x1 |
| 16:01 | CoreLock · wall_segment Palisade Wall x1 |
| 16:02 | CoreLock · wall_segment Palisade Wall x1 |
| 22:24 | CoreLock · wall_segment Palisade Wall x1 |
| 22:25 | CoreLock · wall_segment Palisade Wall x1 |
| 22:26 | CoreLock · wall_segment Palisade Wall x1 |
| 22:26 | CoreLock · wall_segment Palisade Wall x1 |
| 22:49 | Dr Housed · wall_segment Palisade Wall x1 |
| 22:57 | CoreLock · wall_segment Palisade Wall x6 |
| 23:36 | Dr Housed · wall_segment Palisade Wall x1 |
| 23:54 | CoreLock · first_building Archery Range |
| 24:22 | Dr Housed · age_up castle |
| 24:35 | Dr Housed · wall_segment Palisade Wall x1 |
| 24:54 | Dr Housed · wall_segment Palisade Wall x1 |
| 25:31 | Dr Housed · first_market_buy 100 food |
| 26:06 | Dr Housed · first_building Siege Workshop |
| 26:58 | Dr Housed · wall_segment Palisade Wall x1 |
| 31:47 | CoreLock · age_up castle |
| 32:50 | Dr Housed · wall_segment Palisade Wall x1 |
| 32:51 | Dr Housed · wall_segment Palisade Wall x1 |
| 32:52 | Dr Housed · wall_segment Palisade Wall x1 |
| 33:55 | Dr Housed · first_building Castle |
| 34:14 | Dr Housed · first_building Monastery |
| 35:56 | CoreLock · first_market_buy 100 stone |
| 36:41 | CoreLock · first_building Siege Workshop |
| 39:31 | CoreLock · first_building Monastery |
| 40:48 | CoreLock · first_market_sell 100 food |
| 43:14 | CoreLock · age_up imperial |
| 45:29 | Dr Housed · first_market_sell 100 food |
| 45:36 | Dr Housed · age_up imperial |
| 53:01 | CoreLock · resign |
[ AI ANALYSIS · 1 CREDIT ]
What really happened in this match?
Wolo.gg analyzes every decision: build order, eco, micro, common mistakes by bracket. Personalized analysis on WhatsApp or Discord in 30 seconds.
Civ guide
Ethiopians
Perfil
Dr Housed